 Dungeon Crawl Stone Soup version 0.21.1-1-g345015f (webtiles) character file.

35 inmateoo the Insei (level 3, 0/27 HPs)
             Began as a Barachi Transmuter on Feb 8, 2018.
             Succumbed to an adder's poison
             ... on level 2 of the Dungeon.
             The game lasted 00:01:37 (1192 turns).

inmateoo the Insei (Barachi Transmuter)             Turns: 1192, Time: 00:01:37

Health: 0/27       AC:  2    Str: 11    XL:     3   Next: 35%
Magic:  6/6        EV: 12    Int: 14    God:
Gold:   103        SH:  0    Dex: 12    Spells: 3/6 levels left

rFire    . . .     SeeInvis .     - Unarmed
rCold    . . .     Gourm    .   (no shield)
rNeg     . . .     Faith    .   b - +0 robe
rPois    .         Spirit   .   (no helmet)
rElec    .         Reflect  .   (no cloak)
rCorr    .         Harm     .   (no gloves)
MR       .....                  (boots currently unavailable)
Stlth    +.........             (no amulet)
HPRegen  0.09/turn              (no ring)
MPRegen  0.10/turn              (no ring)

@: lethally poisoned (0 -> -8), appendage, very slightly contaminated, slow
A: +LOS, swims, talons 3, slowness 1, strong legs 1
a: Hop, End Transformation


You were on level 2 of the Dungeon.
You were not hungry.
You had grown temporary talons.
You visited 1 branch of the dungeon, and saw 2 of its levels.

You collected 103 gold pieces.

Inventory:

Missiles
 a - 10 arrows
Armour
 b - a +0 robe (worn)
Jewellery
 j - a cursed ring of loudness {unknown}
Scrolls
 e - 4 scrolls of identify {unknown}
 f - a scroll of noise {unknown}
 g - a scroll of blinking {unknown}
 h - a scroll of fog {unknown}
 i - a scroll of enchant armour {unknown}
 k - a scroll of fear {unknown}
 m - a scroll of enchant weapon {unknown}
 o - a scroll of remove curse {unknown}
 p - a scroll of magic mapping {unknown}
Potions
 n - a potion of heal wounds {unknown}
Books
 c - a book of Changes

   Spells                             Type                      Level
   a - Beastly Appendage              Transmutation                1
   b - Sticks to Snakes               Transmutation                2
   c - Spider Form                    Transmutation/Poison         3
   d - Ice Form                       Ice/Transmutation            4
   e - Blade Hands                    Transmutation                5
Comestibles
 d - 3 rations
 q - a chunk of flesh


   Skills:
 + Level 1.7 Fighting
 + Level 1.0 Armour
 + Level 2.4 Dodging
 * Level 3.7 Unarmed Combat
 + Level 2.4 Spellcasting
 * Level 2.7 Transmutations


You had 3 spell levels left.
You knew the following spells:

 Your Spells              Type           Power        Failure   Level  Hunger
a - Beastly Appendage     Tmut           #.....       8%          1    #......
b - Sticks to Snakes      Tmut           #.......     11%         2    ###....


Dungeon Overview and Level Annotations

Branches:
Dungeon (2/15)

Altars:


Innate Abilities, Weirdness & Mutations

Shadows flee at your approach. (+LOS)
You can swim through water.
You cover ground slowly.
You can hop short distances.
You have claws for feet.


Message History

You hit the adder but do no damage. Your kick misses the adder.
Your punch misses the adder.
Your adder closely misses the adder.
The adder bites you.
* * * LOW HITPOINT WARNING * * *
You are poisoned.
The adder poisons you!
You closely miss the adder. Your kick misses the adder.
* * * LOW HITPOINT WARNING * * *
You feel sick. The adder bites you.
* * * LOW HITPOINT WARNING * * *
Your adder misses the adder. The adder barely misses you.
You miss the adder. You claw the adder!
The adder is severely wounded.
Your adder barely misses the adder.
The adder bites you.
* * * LOW HITPOINT WARNING * * *
You are more poisoned.
The adder poisons you!
Your adder misses the adder.
Unknown command.
It was a potion of magic.
Magic courses through your body.
You die...

......#.######.
#.........)...#.
###.......#####...
#......... ##..
#.#######. ##.
##.## #. #.
##S..## #. #.
#.S'..# #. #. #@#
#. #. # ##.## #.
##. ##.8.## #.
#..##.....# #.
#.##...+...# ####.
#.#...#+#...#.
#.)..
#.'8.##.##.8+..
##.#..
#.#.##...##.#.#
##..#..
#)###.....###.#
#..#...


You could see an adder and a friendly adder.

Vanquished Creatures
  A dart slug (D:2)
  A leopard gecko (D:2)
  7 goblins
  7 hobgoblins
  A quokka (D:2)
  7 bats
  A frilled lizard (D:2)
  3 kobolds
  A rat (D:1)
29 creatures vanquished.

Notes
Turn   | Place    | Note
-------+----------+-------------------------------------------
     0 | D:1      | inmateoo the Barachi Transmuter began the quest for the Orb.
     0 | D:1      | Reached XP level 1. HP: 15/15 MP: 3/3
   236 | D:1      | Reached XP level 2. HP: 9/21 MP: 1/5
   248 | D:1      | Learned a level 2 spell: Sticks to Snakes
   996 | D:2      | Reached XP level 3. HP: 26/26 MP: 4/6
  1121 | D:2      | Reached skill level 1 in Armour
  1191 | D:2      | HP: 1/27 [adder (3)]
  1192 | D:2      | Succumbed to an adder's poison

Skill      XL: |  1  2  3 |
---------------+----------+-----
Armour         | 1 |  1.0
Fighting       | |  1.7
Dodging        | |  2.4
Unarmed Combat | |  3.7
Spellcasting   | |  2.4
Transmutations | |  2.7

Action                   || total
-------------------------++-------
Melee: Unarmed           ||    81
       Headbutt          ||     6
       Kick              ||     4
 Cast: Beastly Appendage ||    11
       Sticks to Snakes  ||     2
  Use: Potion            ||     1
 Stab: Sleeping          ||     2
  Eat: Chunk             ||     2
Armor: Robe              ||    16
Dodge: Dodged            ||    55
